 Dungeon Crawl Stone Soup version 0.29-a0-973-gac7da5f7f0 (webtiles) character file.

Game seed: 3149640509677529048

12295 Gwenloh the Basher (level 11, -32/101 HPs)
             Began as a Troll Warper on July 31, 2022.
             Was a High Priest of Okawaru.
             Annihilated by Gastronok (40 damage)
             ... on level 2 of the Lair of Beasts on Aug 1, 2022.
             The game lasted 00:39:44 (8603 turns).

Gwenloh the Basher (Troll Warper)                   Turns: 8603, Time: 00:39:44

Health: -32/101    AC: 13    Str: 21    XL:     11   Next: 60%
Magic:  22/25      EV: 11    Int: 11    God:    Okawaru [*****.]
Gold:   578        SH:  0    Dex: 11    Spells: 7/19 levels left

rFire   + . .      SeeInvis .   b - +7 dire flail (protect)
rCold   + . .      Faith    .   (shield currently unavailable)
rNeg    . . .      Spirit   .   F - +2 robe {rC+}
rPois   .          Reflect  .   (helmet restricted)
rElec   .          Harm     +   e - scarf {harm}
rCorr   .          Rampage  .   (gloves unavailable)
Will    .....                   (boots unavailable)
Stlth   +.........              (no amulet)
HPRegen 1.06/turn               k - ring of magical power
MPRegen 0.19/turn               v - ring of protection from fire

@: under a protective aura
A: large, unfitting armour, claws 3, regeneration 1, shaggy fur 1, tough skin 1,
frail 1, passive freeze
a: Renounce Religion, Heroism, Finesse, Duel


You were on level 2 of the Lair of Beasts.
You worshipped Okawaru.
Okawaru was extremely pleased with you.
You visited 3 branches of the dungeon, and saw 12 of its levels.

You collected 578 gold pieces.

Inventory:

Hand Weapons
 a - a +0 whip of draining
 b - a +7 dire flail of protection (weapon)
Missiles
 d - 5 boomerangs of dispersal
 K - 3 large rocks
 L - 6 javelins (quivered)
Armour
 e - a scarf of harm (worn)
 F - a +2 robe of cold resistance (worn)
 J - a +0 cloak
Jewellery
 k - a ring of magical power (left claw)
 v - a ring of protection from fire (right claw)
Wands
 t - a wand of light (6)
 w - a wand of roots (1)
 y - a wand of flame (18)
 D - a wand of paralysis (11)
Scrolls
 c - 3 scrolls of blinking
 g - a scroll of vulnerability
 j - a scroll of enchant weapon
 l - 2 scrolls of noise
 m - a scroll of torment
 o - 2 scrolls of enchant armour
 p - 4 scrolls of butterflies
 q - a scroll of immolation
 r - 2 scrolls of magic mapping
 s - 2 scrolls of teleportation
 z - a scroll of brand weapon {unknown}
 E - 2 scrolls of poison {unknown}
 G - a scroll of identify
 I - a scroll of amnesia {unknown}
 M - a scroll of summoning {unknown}
Potions
 f - 3 potions of flight
 h - 3 potions of mutation
 i - 4 potions of might
 n - 4 potions of lignification
 u - a potion of attraction {unknown}
 x - 2 potions of brilliance {unknown}
 A - 5 potions of haste {unknown}
 B - 2 potions of heal wounds
 C - a potion of invisibility {unknown}
 H - a potion of curing


   Skills:
 * Level 8.4 Fighting
 * Level 9.3 Maces & Flails
 + Level 3.4 Throwing
 + Level 6.1 Dodging
 + Level 4.5 Spellcasting
 + Level 5.7 Translocations


You had 7 spell levels left.
You knew the following spells:

 Your Spells              Type           Power      Damage    Failure   Level
a - Blink                 Tloc           30%        N/A       3%          2
b - Gell's Gravitas       Tloc           15%        N/A       6%          3
c - Lesser Beckoning      Tloc           15%        N/A       6%          3
d - Passage of Golubria   Tloc           15%        N/A       22%         4

Your spell library contained the following spells:

 Spells                   Type           Power      Damage    Failure   Level
 Apportation              Tloc           30%        N/A       2%          1
 Teleport Other           Tloc           15%        N/A       6%          3
 Necrotise                Necr           8%         1d4       22%         1
 Wereblood                Tmut           2%         N/A       34%         2
 Manifold Assault         Tloc           15%        N/A       52%         5
 Vampiric Draining        Necr           2%         2d6       56%         3
 Sticky Flame             Conj/Fire      2%         2d3       92%         4
 Agony                    Necr           2%         N/A       99%         5
 Alistair's Intoxication  Tmut/Pois      1%         N/A       99%         5
 Yara's Violent Unravell  Hex/Tmut       1%         3d3       99%         5
 Necromutation            Tmut/Necr      1%         N/A       100%        8
 Summon Small Mammal      Summ           Unusable   N/A       N/A         1
 Tukima's Dance           Hex            Unusable   N/A       N/A         3

Dungeon Overview and Level Annotations

Branches:
Dungeon (8/15)             Temple (1/1) D:5            Lair (3/5) D:8
  Swamp (0/4) Lair:3        Snake (0/4) Lair:2

Altars:
Ashenzari
Cheibriados
Dithmenos
Elyvilon
Fedhas
Gozag
Hepliaklqana
Kikubaaqudgha
Makhleb
Nemelex Xobeh
Okawaru
Sif Muna
Trog
Vehumet
Wu Jian
Xom
Yredelemnul
Zin
The Shining One

Shops:
D:3 [

Annotations:
Lair:2 Gastronok


Innate Abilities, Weirdness & Mutations

You are too large for most types of armour.
You have claws for hands.
Your natural rate of healing is unusually fast.
You are covered in fur. (AC +1)
You have tough skin. (AC +1)
You are frail. (-10% HP)
A frigid envelope surrounds you and freezes all who hurt you.


Message History

A - 5 grey potions (gained 1)
A black bear comes into view.
A black bear is nearby!
The black bear growls angrily.
You impale the black bear!!
Your weapon exudes an aura of protection.
You kill the black bear!
Okawaru accepts your kill.
No target in view!
B - 3 potions of heal wounds (gained 1)
i - 4 potions of might (gained 2)
Found a stone staircase leading up.
Gastronok the Ponderous comes into view.
Gastronok gurgles horribly!
Okay, then.
Cast which spell? (? or * to list)
Aiming: Passage of Golubria (dangerous; 22% risk of failure)
Press: ? - help, Dir - move target You enter the passage of Golubria.
Gastronok waves his eye-stalks in wide circles.
The air twists around and strikes you!!!
Ouch! That really hurt!
There is a passage of Golubria here.
Gastronok waves his eye-stalks in wide circles.
The air twists around and strikes you!!
* * * LOW HITPOINT WARNING * * *
You feel much better. Gastronok bites you!!
* * * LOW HITPOINT WARNING * * *
Gastronok is very cold.
Gastronok is lightly wounded.
Aiming: Duel (91% risk of failure)
Press: ? - help, Dir - move target
Okay, then.
You puncture Gastronok!
Your weapon exudes an aura of protection.
Gastronok is lightly wounded.
You hit Gastronok.
Gastronok is lightly wounded.
Gastronok bites you!!
You die...

.####.............#
..................##
...................##
....................###.
........................
......................#
.............^........##
.......................#
................@w.....#
.......................#
........................
........................
...............<$......P
........................
.......................
................


You could see Gastronok.

Vanquished Creatures
  3 hydras
  2 bog bodies (Lair:3)
  2 black mambas (Lair:1)
  2 komodo dragons
  4 cane toads
  A polar bear (D:8)
  17 yaks
  A wyvern (Lair:2)
  A steam dragon (D:6)
  Menkaure (D:7)
  Edmund (D:6)
  A swamp worm (Lair:3)
  8 water moccasins
  2 orc warriors
  3 black bears
  An ice beast (D:8)
  2 ogres
  A sky beast (D:6)
  The ghost of Tonnatak the Shield-Bearer, an amateur DsWn (D:3)
  4 centaurs (D:6)
  A phantom (D:4)
  A kobold brigand (D:8)
  2 necrophages
  2 bullfrogs
  A scorpion (D:4)
  3 wights (D:8)
  3 howler monkeys (D:8)
  3 electric eels
  8 orc priests
  3 hounds
  A jelly (D:5)
  7 iguanas
  Ijyb (D:5)
  14 orc wizards
  Robin (D:3)
  5 adders
  7 gnolls
  2 worms
  3 dart slugs
  29 orcs
  8 ball pythons
  4 endoplasms
  7 giant cockroaches
  15 goblins
  9 hobgoblins
  2 jackals (D:4)
  4 quokkas
  4 bats
  5 frilled lizards
  11 kobolds
  5 rats
229 creatures vanquished.

Vanquished Creatures (others)
  A fungus (Lair:1)
  2 plants (Lair:2)
3 creatures vanquished.

Grand Total: 232 creatures vanquished

Notes
Turn   | Place    | Note
-------+----------+-------------------------------------------
     0 | D:1      | Gwenloh the Troll Warper began the quest for the Orb.
     0 | D:1      | Reached XP level 1. HP: 19/19 MP: 1/1
     0 | D:1      | Noticed a draconian
     1 | D:1      | Noticed a draconian
     4 | D:1      | Noticed a formicid
     8 | D:1      | Noticed a demonspawn zombie
     9 | D:1      | Noticed a barachi
    13 | D:1      | Noticed a vine stalker
    15 | D:1      | Noticed a troll
    17 | D:1      | Noticed a draconian
    19 | D:1      | Noticed a formicid
   111 | D:1      | Reached skill level 2 in Maces & Flails
   188 | D:1      | Reached XP level 2. HP: 27/28 MP: 2/2
   191 | D:1      | Learned a level 2 spell: Blink
  1059 | D:2      | Reached XP level 3. HP: 27/30 MP: 4/4
  1472 | D:2      | Reached XP level 4. HP: 41/42 MP: 5/5
  1476 | D:2      | Learned a level 3 spell: Gell's Gravitas
  1553 | D:3      | Found Jythosk's Antique Armour Boutique.
  1651 | D:3      | Got the Precepts of Kinetic Shapes
  1687 | D:3      | Found a runed translucent door.
  1694 | D:3      | Noticed Tonnatak's ghost (amateur DsWn)
  2292 | D:4      | Noticed a scorpion
  2309 | D:3      | Reached skill level 3 in Maces & Flails
  2309 | D:3      | Reached XP level 5. HP: 40/50 MP: 6/6
  2375 | D:3      | Gained mutation: You are frail. (-10% HP) [potion of
                  | mutation]
  2375 | D:3      | Gained mutation: A frigid envelope surrounds you and
                  | freezes all who hurt you. [potion of mutation]
  2381 | D:3      | Killed Tonnatak's ghost
  2489 | D:4      | Noticed Robin
  2501 | D:3      | Killed Robin
  2530 | D:4      | Reached XP level 6. HP: 49/54 MP: 7/7
  2567 | D:4      | Found a snail-covered altar of Cheibriados.
  2655 | D:4      | Found the +7 staff of the Meek {protect, meekguard}
  2876 | D:4      | Found an ornate altar of the Wu Jian Council.
  3031 | D:5      | Entered Level 5 of the Dungeon
  3064 | D:3      | Reached skill level 4 in Maces & Flails
  3064 | D:3      | Reached XP level 7. HP: 58/61 MP: 1/9
  3161 | D:5      | Found a white marble altar of Elyvilon.
  3488 | D:5      | Found a shadowy altar of Dithmenos.
  3569 | D:5      | Found a shimmering blue altar of Sif Muna.
  3590 | D:5      | Noticed Ijyb
  3638 | D:5      | Killed Ijyb
  3715 | D:5      | Found a staircase to the Ecumenical Temple.
  3724 | Temple   | Entered the Ecumenical Temple
  3891 | Temple   | Became a worshipper of Warmaster Okawaru
  3992 | D:5      | Reached XP level 8. HP: 68/71 MP: 5/10
  4250 | D:6      | Reached skill level 5 in Maces & Flails
  4388 | D:6      | Learned a level 3 spell: Lesser Beckoning
  4521 | D:6      | Reached * piety under Okawaru
  4574 | D:6      | Noticed Edmund
  4577 | D:6      | Reached skill level 5 in Fighting
  4897 | D:6      | Reached skill level 6 in Maces & Flails
  4939 | D:6      | Reached XP level 9. HP: 76/79 MP: 12/12
  4951 | D:6      | Reached ** piety under Okawaru
  4984 | D:6      | Killed Edmund
  5590 | D:7      | Found a glowing golden altar of the Shining One.
  5815 | D:7      | Noticed Menkaure
  5818 | D:7      | Killed Menkaure
  6096 | D:8      | Learned a level 4 spell: Passage of Golubria
  6249 | D:8      | Found a glowing silver altar of Zin.
  6268 | D:8      | Found a staircase to the Lair.
  6589 | D:8      | Reached skill level 7 in Maces & Flails
  6813 | Lair:1   | Entered Level 1 of the Lair of Beasts
  6840 | Lair:1   | Reached *** piety under Okawaru
  6924 | Lair:1   | Noticed a cane toad
  6932 | Lair:1   | Killed a cane toad
  6933 | Lair:1   | Reached XP level 10. HP: 72/90 MP: 14/14
  6955 | Lair:1   | Noticed a seven-headed hydra
  6970 | Lair:1   | Noticed a six-headed hydra
  6995 | D:8      | Killed a seven-headed hydra
  6996 | D:8      | Reached skill level 5 in Dodging
  7043 | D:8      | Killed a six-headed hydra
  7043 | D:8      | Reached **** piety under Okawaru
  7043 | D:8      | Received a gift from Okawaru
  7190 | Lair:1   | Noticed a black mamba
  7193 | Lair:1   | Killed a black mamba
  7194 | Lair:1   | Reached skill level 8 in Maces & Flails
  7194 | Lair:1   | Reached skill level 1 in Throwing
  7199 | Lair:1   | Reached skill level 5 in Translocations
  7268 | Lair:1   | Received a gift from Okawaru
  7374 | Lair:1   | Reached ***** piety under Okawaru
  7408 | Lair:1   | Noticed a black mamba
  7423 | Lair:1   | Killed a black mamba
  7424 | Lair:1   | Reached XP level 11. HP: 79/99 MP: 16/16
  7938 | Lair:2   | You fall into a shaft and drop 1 floor!
  7956 | Lair:3   | Noticed a bog body
  7966 | Lair:3   | Killed a bog body
  7966 | Lair:3   | Received a gift from Okawaru
  8028 | Lair:3   | Noticed a bog body
  8035 | Lair:3   | Killed a bog body
  8057 | Lair:3   | Found a staircase to the Swamp.
  8206 | Lair:2   | Reached skill level 9 in Maces & Flails
  8209 | Lair:2   | Found a staircase to the Snake Pit.
  8342 | Lair:2   | Noticed an eight-headed hydra
  8346 | Lair:2   | Killed an eight-headed hydra
  8594 | Lair:2   | Noticed Gastronok
  8603 | Lair:2   | Annihilated by Gastronok

Illustrated notes

Levels and vault maps discovered:
D:1:      shiori_arrival_whats_in_store_for_you, layout_loops_cross,
          minmay_misc_feat_more_columns, nicolae_eternal_life,
          minmay_split_cup_small
D:2:      layout_basic, lightli_corner_chamber
D:3:      layout_rooms, serial_rivers, chequers_serial_rivers_small_b,
          chequers_serial_rivers_small_b, chequers_serial_rivers_large_a,
          chequers_serial_rivers_marsh, ebering_ghost_reflecting_pool,
          serial_shops, shop, minmay_cut_off
D:4:      layout_cave_pools, mainiacjoe_overflow_chevrons,
          mainiacjoe_overflow_alcove_4, uniq_robin
D:5:      layout_rooms, mainiacjoe_overflow_surrounded_room,
          mainiacjoe_overflow_six_doors_small, old_standard_altar,
          lemuel_temple_firewalk_b, guppyfry_early_orc_mine, uniq_ijyb
D:6:      layout_basic, grunt_ministairs_10, uniq_edmund
D:7:      layout_basic, tso_metal_star, uniq_menkaure
D:8:      layout_basic, lemuel_tele_altar, lair_entry_dummy, st_stairs_13
Temple:   hellmonk_temple_forest_ring
Lair:1:   layout_long_grid, lemuel_fruit_tree, infiniplex_staircase_pool,
          serial_bayou_shore_b, serial_bayou_shore_b
Lair:2:   layout_layer_cave, guppyfry_snake_entry_garden,
          kennysheep_snail_temple, uniq_gastronok
Lair:3:   layout_hall_layers, nicolae_swamp_entry_splash_gauntlet,
          gammafunk_ghost_hive, special_room [special_room_bee],
          serial_bayou_shore_a

Skill      XL: |  1  2  3  4  5  6  7  8  9 10 11 |
---------------+----------------------------------+-----
Maces & Flails | 2 3 4 6 7 8 9 |  9.3
Dodging        | 2 3 4 5 6 |  6.1
Fighting       | 2 3 4 5 6 7 8 |  8.4
Spellcasting   | 2 3 4 |  4.5
Translocations | 3 4 5 |  5.7
Throwing       | 2 3 |  3.4

Action                   |  1- 3 |  4- 6 |  7- 9 | 10-12 || total
-------------------------+-------+-------+-------+-------++-------
Melee: Mace              |   103 |       |       |       ||   103
       Whip              |    44 |   162 |   119 |       ||   325
       Punch             |       |     2 |     2 |       ||     4
       Dire flail        |       |       |    95 |   137 ||   232
Throw: Boomerang         |     1 |     2 |       |       ||     3
       Javelin           |       |       |       |    13 ||    13
       Large rock        |       |       |       |     3 ||     3
 Cast: Gell's Gravitas   |       |     2 |    10 |       ||    12
       Blink             |       |     1 |     2 |       ||     3
       Lesser Beckoning  |       |       |     1 |       ||     1
       Passage of Golubr |       |       |     1 |     1 ||     2
Invok: Heroism           |       |       |     2 |     4 ||     6
Evoke: Wand              |       |       |     4 |       ||     4
  Use: Potion            |       |     5 |       |     1 ||     6
       Scroll            |       |     3 |     5 |     1 ||     9
 Stab: Sleeping          |       |       |     1 |       ||     1
Armor: Robe              |    63 |    46 |    63 |    41 ||   213
       Skin              |       |     3 |       |       ||     3
Dodge: Dodged            |    77 |    83 |    90 |    43 ||   293

Table legend: (Time is in decaauts)
 A = Elapsed time spent in this place.
 B = Non-inter-level travel time spent in this place.
 C = Inter-level travel time spent in this place.
 D = Time resting spent in this place.
 E = Time spent auto-exploring this place.
 F = Levels seen in this place.
 G = Mean time per level.
                   A        B        C        D        E       F      G
               +--------+--------+--------+--------+--------+-----+--------+
         Total |   8654 |   8325 |    329 |    542 |   5896 |  12 |  721.2 |
       Dungeon |   6772 |   6499 |    273 |    376 |   4622 |   8 |  846.5 |
        Temple |    175 |    148 |     27 |      0 |    136 |   1 |  175.0 |
          Lair |   1706 |   1678 |     28 |    166 |   1137 |   3 |  568.7 |
               +--------+--------+--------+--------+--------+-----+--------+

Top non-repeatable levels by time:
  Lair:1: 1011 daAuts
     D:5: 998 daAuts
     D:3: 988 daAuts
     D:1: 948 daAuts
     D:6: 893 daAuts
     D:8: 891 daAuts
     D:7: 809 daAuts
     D:2: 632 daAuts
     D:4: 610 daAuts
  Lair:2: 401 daAuts
  Lair:3: 293 daAuts
  Temple: 175 daAuts
